 Dungeon Crawl Stone Soup version 0.27-a0-1431-gcffa5a9b16 (webtiles) character file.

Game seed: 17933103982894453415

3 wesbby the Fighter (level 1, 0/26 HPs)
             Began as a Gnoll Wanderer on July 2, 2021.
             Slain by a quokka (2 damage)
             ... on level 1 of the Dungeon.
             The game lasted 00:00:54 (92 turns).

wesbby the Fighter (Gnoll Wanderer)                   Turns: 92, Time: 00:00:55

Health: 0/26       AC:  2    Str:  9    XL:     1   Next: 50%
Magic:  6/6        EV: 11    Int: 11    God:
Gold:   0          SH:  0    Dex: 13    Spells: 8/9 levels left

rFire    . . .     SeeInvis .   a - +0 dagger
rCold    . . .     Faith    .   (no shield)
rNeg     . . .     Spirit   .   b - +0 robe
rPois    .         Reflect  .   (no helmet)
rElec    .         Harm     .   (no cloak)
rCorr    .         Rampage  .   (no gloves)
Will     .....                  (no boots)
Stlth    ++........             (no amulet)
HPRegen  0.08/turn              (no ring)
MPRegen  0.10/turn              (no ring)

@: no status effects
A: fangs 1, strong nose, distributed training
a: no special abilities


You were on level 1 of the Dungeon.
You visited 1 branch of the dungeon, and saw 1 of its levels.

Inventory:

Hand Weapons
 a - a +0 dagger (weapon)
Armour
 b - a +0 robe (worn)
Potions
 d - a potion of cancellation {unknown}
Miscellaneous
 c - a lightning rod (4/4)


   Skills:
 + Level 8.4 Fighting
 + Level 0.0 Short Blades
 + Level 0.0 Long Blades
 + Level 0.0 Axes
 + Level 0.0 Maces & Flails
 + Level 0.0 Polearms
 + Level 0.0 Staves
 + Level 0.0 Slings
 + Level 0.0 Bows
 + Level 0.0 Crossbows
 + Level 0.0 Throwing
 + Level 2.3 Armour
 + Level 0.0 Dodging
 + Level 2.1 Stealth
 + Level 0.0 Shields
 + Level 0.0 Unarmed Combat
 + Level 4.8 Spellcasting
 + Level 0.0 Conjurations
 + Level 0.0 Hexes
 + Level 1.9 Summonings
 + Level 0.0 Necromancy
 + Level 0.0 Translocations
 + Level 0.0 Transmutations
 + Level 0.0 Fire Magic
 + Level 0.0 Ice Magic
 + Level 0.0 Air Magic
 + Level 0.0 Earth Magic
 + Level 0.0 Poison Magic
 + Level 0.1 Invocations
 + Level 2.3 Evocations


You had 8 spell levels left.
You knew the following spells:

 Your Spells              Type           Power      Damage    Failure   Level
a - Apportation           Tloc           4%         N/A       22%         1

Your spell library contained the following spells:

 Spells                   Type           Power      Damage    Failure   Level
 Teleport Other           Tloc           2%         N/A       54%         3
 Petrify                  Tmut/Erth      2%         N/A       91%         4
 Metabolic Englaciation   Hex/Ice        1%         N/A       99%         5
 Statue Form              Tmut/Erth      1%         N/A       100%        6


Dungeon Overview and Level Annotations

Branches:
Dungeon (1/15)

Altars:


Innate Abilities, Weirdness & Mutations

You have very sharp teeth.
Your uncanny sense of smell can sniff out nearby items.
Your experience applies equally to all skills.


Message History

A rat and a goblin come into view.
There is a stone staircase leading down here.
A quokka comes into view.
Found 13 gold pieces.
The helpless goblin fails to defend itself.
You puncture the goblin!
You kill the goblin!
The rat barely misses you.
Things that are here:
a +0 dagger; a goblin corpse You closely miss the rat.
The rat bites you.
You hit the rat.
The rat is heavily wounded.
The rat bites you but does no damage.
You hit the rat but do no damage. The rat bites you.
You closely miss the rat. The rat bites you but does no damage.
You barely miss the rat. The rat bites you.
You hit the rat.
The rat is heavily wounded.
The rat barely misses you.
You hit the rat but do no damage.
The rat is heavily wounded.
The rat barely misses you.
You hit the rat.
You kill the rat!
You barely miss the quokka. The quokka bites you.
You miss the quokka. The quokka closely misses you.
You hit the quokka but do no damage. The quokka barely misses you. x2
You hit the quokka but do no damage. The quokka misses you.
You closely miss the quokka. The quokka bites you.
* * * LOW HITPOINT WARNING * * *
You hit the quokka but do no damage. You bite the quokka, but do no damage.
The quokka bites you.
* * * LOW HITPOINT WARNING * * *
You hit the quokka but do no damage. Your bite misses the quokka.
The quokka barely misses you.
You hit the quokka but do no damage. The quokka bites you.
* * * LOW HITPOINT WARNING * * *
The quokka bites you.
You die...

## ###.# ..#
..#.# ###$.
#.#.# .....
#.#.#
###..####.#.#
.......$.>..#
#..#......##
#####..#r##.#..#
.......@.#####.#
##############.#
.........)..#
##..........#
##+....8...#
##.......# ###
###.....# #).
#.....# #.#
∆##....#


You could see a quokka.

Vanquished Creatures
  A goblin (D:1)
  A hobgoblin (D:1)
  A rat (D:1)
3 creatures vanquished.

Notes
Turn   | Place    | Note
-------+----------+-------------------------------------------
     0 | D:1      | wesbby the Gnoll Wanderer began the quest for the Orb.
     0 | D:1      | wesbby set off with the following items: a +0 dagger, a +0
                  | robe, a lightning rod (4/4); and the following spell
                  | memorised: Apportation; and the following spells available
                  | to memorise: Teleport Other
     0 | D:1      | Reached XP level 1. HP: 26/26 MP: 6/6
    92 | D:1      | Slain by a quokka

Illustrated notes

Levels and vault maps discovered:
D:1:      nicolae_arrival_somewhat_less_tricky_arrival, layout_basic,
          serial_shops, shop, shop, nicolae_shop_stone, shop, shop

Action                   || total
-------------------------++-------
Melee: Dagger            ||    29
       Bite              ||     1
 Stab: Sleeping          ||     2
Armor: Robe              ||     3
Dodge: Dodged            ||    11

Table legend: (Time is in decaauts)
 A = Elapsed time spent in this place.
 B = Non-inter-level travel time spent in this place.
 C = Inter-level travel time spent in this place.
 D = Time resting spent in this place.
 E = Time spent auto-exploring this place.
 F = Levels seen in this place.
 G = Mean time per level.
                   A        B        C        D        E       F      G
               +--------+--------+--------+--------+--------+-----+--------+
         Total |     92 |     78 |     14 |      0 |     34 |   1 |   92.0 |
       Dungeon |     92 |     78 |     14 |      0 |     34 |   1 |   92.0 |
               +--------+--------+--------+--------+--------+-----+--------+

Top non-repeatable levels by time:
     D:1: 92 daAuts
